 Dungeon Crawl Stone Soup version 0.26.1-11-gd32895ea62 (webtiles) character file.

Game seed: 14313627903056806377

8882 Jerry the Grappler (level 11, -5/101 HPs)
             Began as a Troll Hunter on July 2, 2021.
             Slain by a komodo dragon (28 damage)
             ... on level 1 of the Lair of Beasts.
             The game lasted 00:32:43 (7376 turns).

Jerry the Grappler (Troll Hunter)                   Turns: 7376, Time: 00:32:44

Health: -5/101     AC:  8    Str: 24    XL:     11   Next: 15%
Magic:  10/10      EV: 17    Int:  7    God:
Gold:   574        SH:  0    Dex: 11    Spells: 10/10 levels left

rFire    . . .     SeeInvis .     - Unarmed
rCold    . . .     Faith    .   (no shield)
rNeg     . . .     Spirit   .   b - +0 robe
rPois    .         Reflect  .   (helmet restricted)
rElec    .         Harm     .   E - +1 cloak of Starlight {*Dazzle EV+4 Stlth--}
rCorr    .         Rampage  .   (gloves unavailable)
Will     .....                  (boots unavailable)
Stlth    ..........             o - amulet of regeneration
HPRegen  1.06/turn              B - +4 ring of slaying
MPRegen  0.12/turn              (no ring)

@: no status effects
A: large, unfitting armour, claws 3, regeneration 1, shaggy fur 1, tough skin 3
a: no special abilities


You were on level 1 of the Lair of Beasts.
You visited 3 branches of the dungeon, and saw 11 of its levels.
You also visited: Ossuary.

You collected 574 gold pieces.

Inventory:

Hand Weapons
 D - a +0 giant spiked club
Missiles
 c - 10 large rocks
 d - 2 throwing nets (quivered)
Armour
 b - a +0 robe (worn)
 w - a +0 kite shield
 E - the +1 cloak of Starlight (worn) {*Dazzle EV+4 Stlth--}
   (You found it on level 7 of the Dungeon)

   It affects your evasion (+4).
   It makes you much less stealthy.
Jewellery
 o - an amulet of regeneration (around neck)
 B - a +4 ring of slaying (left claw)
Wands
 l - a wand of polymorph (5)
 t - a wand of random effects (42)
 u - a wand of digging (4)
 y - a wand of disintegration (11)
 G - a wand of enslavement (8)
Scrolls
 a - a scroll of enchant weapon
 h - 4 scrolls of identify
 k - 3 scrolls of magic mapping
 r - 2 scrolls of teleportation
 s - 2 scrolls of fear
 A - 4 scrolls of amnesia
 C - 3 scrolls of remove curse
 F - 2 scrolls of fog {unknown}
 H - 2 scrolls of enchant armour {unknown}
Potions
 e - 14 potions of curing
 f - 3 potions of brilliance
 g - 9 potions of heal wounds
 i - 4 potions of lignification
 j - a potion of resistance {unknown}
 m - 2 potions of magic {unknown}
 n - a potion of haste {unknown}
 p - 4 potions of mutation {unknown}
 q - 2 potions of flight {unknown}
 v - 2 potions of attraction {unknown}
 x - 2 potions of degeneration {unknown}
 z - a potion of cancellation {unknown}


   Skills:
 + Level 4.4 Fighting
 - Level 6.9 Throwing
 + Level 7.0 Dodging
 - Level 3.9 Stealth
 * Level 11.3 Unarmed Combat


You had 10 spell levels left.
You didn't know any spells.
Your spell library contained the following spells:

 Spells                   Type           Power        Failure   Level
 Animate Skeleton         Necr           0%           43%         1
 Beastly Appendage        Tmut           0%           43%         1
 Pain                     Necr           0%           43%         1
 Wereblood                Tmut           0%           56%         2
 Spider Form              Tmut/Pois      0%           80%         3
 Vampiric Draining        Necr           0%           80%         3
 Animate Dead             Necr           0%           99%         4
 Ice Form                 Ice/Tmut       0%           99%         4
 Agony                    Necr           0%           100%        5
 Blade Hands              Tmut           0%           100%        5


Dungeon Overview and Level Annotations

Branches:
Dungeon (9/15)             Temple (1/1) D:4            Lair (1/6) D:9
Ossuary (visited)
    Orc: D:9-12

Altars:
Ashenzari
Cheibriados
Dithmenos
Elyvilon
Fedhas
Gozag
Hepliaklqana
Kikubaaqudgha
Makhleb
Nemelex Xobeh
Okawaru
Qazlal
Ru
Sif Muna
Trog
Uskayaw
Vehumet
Wu Jian
Xom
Yredelemnul
Zin
The Shining One

Shops:
D:9 =

Annotations:
D:8 2 transporters, Almogavar's ghost, novice DrCj


Innate Abilities, Weirdness & Mutations

You are too large for most types of armour.
You have claws for hands.
Your natural rate of healing is unusually fast.
You are covered in fur. (AC +1)
You have extremely tough skin. (AC +3)


Message History

The komodo dragon bites you.
You barely miss the komodo dragon.
The komodo dragon is moderately wounded.
You scratch the komodo dragon.
The komodo dragon is moderately wounded.
The komodo dragon bites you!
You are too injured to fight recklessly!
You are too injured to fight recklessly!
You are too injured to fight recklessly!
You scratch the komodo dragon.
The komodo dragon is heavily wounded.
The komodo dragon misses you.
You scratch the komodo dragon but do no damage.
The komodo dragon is heavily wounded.
The komodo dragon bites you!!
* * * LOW HITPOINT WARNING * * *
You scratch the komodo dragon.
The komodo dragon is heavily wounded.
The komodo dragon bites you!!
You die...

#........####...
#...#.##...#....
##..#...##...# #
#...........## .#
#..#........## ...
#..##.8.8.##..# ....
#..#...†......#.....
........>..........?.
.#...........@.......
#.....8.8.#.l.##....
#...#........## ....
##...........# ...
##.##...#..## ..
#...... .......
......#


You could see a komodo dragon.

Vanquished Creatures
  Pikel (D:8)
  A centaur zombie (D:9)
  A cane toad (Lair:1)
  A komodo dragon (Lair:1)
  A troll (D:9)
  A hornet (D:7)
  Eustachio (D:6)
  9 yaks
  A wraith (D:7)
  Menkaure (D:5)
  A water moccasin (Lair:1)
  Duvessa (D:4)
  4 orc warriors
  3 ice beasts
  5 sky beasts
  2 phantoms
  5 ogres
  A necrophage (D:9)
  4 lemures (D:8)
  7 centaurs
  A big kobold (D:9)
  6 bullfrogs
  3 water moccasin zombies (Ossuary)
  Dowan (D:4)
  3 scorpions
  A water moccasin skeleton (D:4)
  4 wights
  3 killer bees (D:8)
  3 howler monkeys
  2 bullfrog zombies
  A quasit (D:9)
  7 hounds
  2 jellies
  6 orc priests
  Jessica (D:2)
  Ijyb (D:4)
  3 iguanas
  6 worker ants
  10 orc wizards
  A killer bee zombie (D:9)
  A big kobold zombie (Ossuary)
  A hound skeleton (D:9)
  2 mummies (Ossuary)
  A howler monkey zombie (D:9)
  2 howler monkey skeletons
  10 gnolls
  12 adders
  A shadow imp (D:8)
  4 white imps
  2 ufetubi
  An ooze (D:1)
  7 adder zombies
  2 worms (D:2)
  3 dart slugs
  5 leopard geckos
  29 orcs
  7 giant cockroaches
  9 hobgoblins
  3 jackals (D:3)
  5 quokkas
  A ball python (D:5)
  5 bats
  6 frilled lizards
  2 gnoll zombies (Ossuary)
  7 goblins
  6 hobgoblin zombies (Ossuary)
  12 kobolds
  4 kobold zombies (Ossuary)
  2 leopard gecko skeletons (D:5)
  5 orc zombies (Ossuary)
  6 rats
279 creatures vanquished.

Vanquished Creatures (others)
  3 plants
3 creatures vanquished.

Grand Total: 282 creatures vanquished

Notes
Turn   | Place    | Note
-------+----------+-------------------------------------------
     0 | D:1      | Jerry the Troll Hunter began the quest for the Orb.
     0 | D:1      | Reached XP level 1. HP: 19/19 MP: 0/0
   154 | D:1      | Reached XP level 2. HP: 27/27 MP: 1/1
   197 | D:1      | Reached skill level 1 in Unarmed Combat
   494 | D:2      | Reached XP level 3. HP: 33/33 MP: 2/2
   686 | D:2      | Noticed Jessica
   714 | D:2      | Killed Jessica
   715 | D:2      | Reached skill level 1 in Stealth
   715 | D:2      | Reached skill level 2 in Unarmed Combat
   715 | D:2      | Reached XP level 4. HP: 25/41 MP: 3/3
  1230 | D:3      | Reached XP level 5. HP: 47/48 MP: 4/4
  1349 | D:3      | Reached skill level 3 in Unarmed Combat
  1869 | D:4      | Noticed Duvessa
  1869 | D:4      | Noticed Dowan
  1885 | D:4      | Reached XP level 6. HP: 41/55 MP: 5/5
  1888 | D:4      | Killed Duvessa
  1889 | D:4      | Reached skill level 4 in Unarmed Combat
  1931 | D:4      | Killed Dowan
  2083 | D:4      | Reached XP level 7. HP: 43/62 MP: 6/6
  2126 | D:4      | Noticed Ijyb
  2135 | D:4      | Killed Ijyb
  2499 | D:4      | Found a staircase to the Ecumenical Temple.
  2508 | Temple   | Entered the Ecumenical Temple
  2959 | D:5      | Entered Level 5 of the Dungeon
  3001 | D:5      | Reached skill level 5 in Throwing
  3001 | D:5      | Reached skill level 5 in Unarmed Combat
  3128 | D:5      | You fall into a shaft and drop 1 floor!
  3137 | D:6      | Noticed Eustachio
  3163 | D:6      | Found a broken altar of Ashenzari.
  3205 | D:6      | Killed Eustachio
  3206 | D:6      | Reached XP level 8. HP: 60/70 MP: 7/7
  3207 | D:6      | Reached skill level 6 in Unarmed Combat
  3353 | D:6      | Found a sand-covered staircase.
  3363 | Ossuary  | Entered an ossuary
  3474 | Ossuary  | Reached skill level 7 in Unarmed Combat
  3917 | D:5      | Noticed Menkaure
  3928 | D:5      | Killed Menkaure
  3929 | D:5      | Reached XP level 9. HP: 57/76 MP: 8/8
  4489 | D:6      | Reached skill level 5 in Dodging
  4489 | D:6      | Reached skill level 8 in Unarmed Combat
  5183 | D:7      | Reached skill level 9 in Unarmed Combat
  5225 | D:7      | Found the +1 cloak of Starlight {*Dazzle EV+4 Stlth--}
  5382 | D:7      | Reached XP level 10. HP: 87/87 MP: 9/9
  5843 | D:8      | Noticed Pikel
  5849 | D:8      | Killed Pikel
  6057 | D:8      | Reached skill level 10 in Unarmed Combat
  6126 | D:8      | Found a transporter.
  6126 | D:8      | Noticed Almogavar's ghost (novice DrCj)
  6127 | D:8      | Found a transporter.
  6191 | D:9      | Found a sparkling altar of Nemelex Xobeh.
  6480 | D:9      | Found a white marble altar of Elyvilon.
  6787 | D:9      | Found Ecyeg's Jewellery Boutique.
  6840 | D:9      | Found a staircase to the Lair.
  6886 | D:9      | Reached skill level 11 in Unarmed Combat
  6990 | D:9      | Reached XP level 11. HP: 100/100 MP: 10/10
  7175 | D:9      | Found a bloodstained altar of Trog.
  7213 | Lair:1   | Entered Level 1 of the Lair of Beasts
  7376 | Lair:1   | Slain by a komodo dragon

Illustrated notes

Levels and vault maps discovered:
D:1:      minmay_arrival_jagged, layout_rooms
D:2:      layout_basic, uniq_jessica
D:3:      layout_rooms, kennysheep_generic_room_15
D:4:      layout_loops_ring, minmay_temple_entry_poolview, uniq_ijyb,
          uniq_duvessa
D:5:      layout_loops_cross, uniq_menkaure
D:6:      layout_loops_ring, ashenzari_conservatory_becter,
          nicolae_ossuary_entry_ruins, uniq_eustachio
D:7:      nzn_winding_woodlands_medium [nzn_winding_woodlands_5x5_default,
          nzn_winding_woodlands_5x15_crooked,
          nzn_winding_woodlands_5x5_checkerboard,
          nzn_winding_woodlands_5x5_perimeter,
          nzn_winding_woodlands_center_diamonds,
          nzn_winding_woodlands_5x5_closed_star,
          nzn_winding_woodlands_5x5_open_star,
          nzn_winding_woodlands_5x15_garden, nzn_winding_woodlands_5x5_three],
          layout_cave_pools
D:8:      layout_basic, gammafunk_ghost_smash, serial_bayou_lagoon_a, uniq_pikel
D:9:      layout_gridville, elyvilon_altar_1, minitemple, lair_entry_dummy,
          serial_shops, shop
Temple:   dpeg_five_rooms_temple
Lair:1:   layout_cellular_growth, beast_lair_carwin_5, grunt_megastairs_2,
          uniq_fannar

Skill      XL: |  1  2  3  4  5  6  7  8  9 10 11 |
---------------+----------------------------------+-----
Unarmed Combat | 1 2 3 4 5 7 9 11 | 11.3
Dodging        | 2 3 4 5 6 7 |  7.0
Stealth        | 1 2 3 |  3.9
Throwing       | 4 5 6 |  6.9
Fighting       | 4 |  4.4

Action                   |  1- 3 |  4- 6 |  7- 9 | 10-12 || total
-------------------------+-------+-------+-------+-------++-------
Melee: Unarmed           |    85 |   200 |   380 |   258 ||   923
       Punch             |       |     5 |    16 |    12 ||    33
Throw: Throwing net      |       |       |       |     1 ||     1
  Use: Scroll            |       |     1 |    13 |       ||    14
       Potion            |       |     1 |     1 |       ||     2
 Stab: Sleeping          |     1 |     2 |    10 |       ||    13
       Invisible         |       |       |       |     5 ||     5
       Held in net/web   |       |       |       |     1 ||     1
Armor: Robe              |    37 |    80 |    82 |    40 ||   239
Dodge: Dodged            |    33 |   140 |   182 |   192 ||   547
